 Dungeon Crawl Stone Soup version 0.30.0-29-ga12c61a403 (webtiles) character file.

Game seed: 8186267587905165979

18214 Peloso the Carver (level 12, -20/111 HPs)
             Began as a Minotaur Fighter on June 6, 2023.
             Was a High Priest of Okawaru.
             Killed from afar by a wretched star (21 damage)
             ... with a lance of force
             ... on level 2 of the Abyss.
             The game lasted 00:23:08 (14069 turns).

Peloso the Carver (Minotaur Fighter)               Turns: 14069, Time: 00:23:09

Health: -20/111    AC: 17    Str: 20    XL:     12   Next: 25%
Magic:  9/9        EV:  9    Int:  1    God:    Okawaru [*****.]
Gold:   819        SH: 10    Dex: 12    Spells: 11/11 levels left

rFire   + . .        a - +3 falchion
rCold   x x .        d - +0 kite shield
rNeg    . . .        i - +3 chain mail
rPois   .            (helmet restricted)
rElec   .            (no cloak)
rCorr   .            (no gloves)
SInv    .            J - +0 pair of boots
Will    .....        x - amulet of the acrobat Stlth
                     l - ring of protection from fire
HPRegen 0.38/turn    D - +4 ring of protection
MPRegen 0.11/turn

%: acrobat
@: unable to read, unable to drink
A: horns 2, retaliatory headbutt, [deformed body], [dopey 2], [low MP 2], [weak
2], [cold vulnerability 2], [inability to drink after injury 2], [inability to
read after injury 2]
a: Renounce Religion, Heroism, Finesse, Duel


You were on level 2 of the Abyss.
You worshipped Okawaru.
Okawaru was extremely pleased with you.
You visited 3 branches of the dungeon, and saw 16 of its levels.
You visited the Abyss 1 time.
You also visited: Ossuary.

You collected 819 gold pieces.

Inventory:

Hand Weapons
 a - a +3 falchion (weapon)
 b - a +1 heavy long sword
Armour
 c - a scarf of shadows
 d - a +0 kite shield (worn)
 i - a +3 chain mail (worn)
 J - a +0 pair of boots (worn)
Jewellery
 e - a ring of protection from fire
 l - a ring of protection from fire (left hand)
 m - a ring of ice
 o - a ring of positive energy
 w - a ring of wizardry
 x - an amulet of the acrobat (around neck)
 z - a ring of protection from cold
 D - a +4 ring of protection (right hand)
 G - a ring of magical power
 K - a ring of resist corrosion
 L - a +4 ring of protection
Wands
 g - a wand of charming (12)
 v - a wand of flame (49)
 F - a wand of polymorph (5)
 H - a wand of mindburst (20)
 P - a wand of iceblast (2)
Scrolls
 h - 5 scrolls of poison
 k - 2 scrolls of fog
 q - 3 scrolls of blinking
 t - 4 scrolls of silence
 u - 3 scrolls of enchant weapon
 y - a scroll of magic mapping
 B - 2 scrolls of fear
 C - a scroll of enchant armour
 I - a scroll of amnesia
Potions
 f - 3 potions of might
 j - 8 potions of curing
 n - 3 potions of magic
 p - a potion of brilliance
 r - 2 potions of heal wounds
 s - 3 potions of ambrosia
 E - a potion of mutation {unknown}
 M - 3 potions of invisibility {unknown}
 N - a potion of haste {unknown}
 O - a potion of flight {unknown}
 Q - a potion of resistance


   Skills:
 + Level 11.7 Fighting
 + Level 14.3 Long Blades
 + Level 12.6 Armour
 + Level 5.9 Dodging
 + Level 2.1 Stealth
 + Level 8.9 Shields
 + Level 0.9 Invocations
 + Level 0.2 Evocations


You had 11 spell levels left.
You didn't know any spells.
Your spell library contained the following spells:

 Spells                   Type           Power      Damage    Failure   Level
 Beastly Appendage        Tmut           0%         N/A       100%        1
 Blink                    Tloc           0%         N/A       100%        2
 Lesser Beckoning         Tloc           0%         N/A       100%        2
 Momentum Strike          Conj/Tloc      0%         3d8       100%        2
 Scorch                   Fire           0%         2d5       100%        2
 Wereblood                Tmut           0%         N/A       100%        2
 Gell's Gravitas          Tloc           0%         N/A       100%        3
 Mephitic Cloud           Conj/Pois/Air  0%         N/A       100%        3
 Portal Projectile        Hex/Tloc       0%         N/A       100%        3
 Spider Form              Tmut/Pois      0%         N/A       100%        3
 Stone Arrow              Conj/Erth      0%         3d7       100%        3
 Teleport Other           Tloc           0%         N/A       100%        3
 Vhi's Electric Charge    Tloc/Air       0%         N/A       100%        3
 Volatile Blastmotes      Fire/Tloc      0%         2d10      100%        3
 Flame Wave               Conj/Fire      0%         2d4       100%        4
 Fulminant Prism          Conj/Hex       0%         3d5       100%        4
 Iskenderun's Mystic Bla  Conj/Tloc      0%         2d3       100%        4
 Leda's Liquefaction      Hex/Erth       0%         N/A       100%        4
 Petrify                  Tmut/Erth      0%         N/A       100%        4
 Arcjolt                  Conj/Air       0%         1d10      100%        5
 Borgnjor's Vile Clutch   Necr/Erth      0%         N/A       100%        5
 Lee's Rapid Deconstruct  Erth           0%         3d4*      100%        5
 Conjure Ball Lightning   Conj/Air       0%         3x3d6     100%        6
 Dispersal                Tloc           0%         N/A       100%        6
 Plasma Beam              Fire/Air       0%         2x1d11    100%        6
 Statue Form              Tmut/Erth      0%         N/A       100%        6
 Orb of Destruction       Conj           0%         9d5       100%        7
 Storm Form               Tmut/Air       0%         N/A       100%        7
 Lehudib's Crystal Spear  Conj/Erth      0%         10d2      100%        8
 Maxwell's Capacitive Co  Air            0%         ∞         100%        8
 Call Canine Familiar     Summ           Unusable   N/A       N/A         3
 Summon Guardian Golem    Hex/Summ       Unusable   N/A       N/A         3
 Summon Lightning Spire   Summ/Air       Unusable   N/A       N/A         4
 Summon Cactus Giant      Summ           Unusable   N/A       N/A         6
 Spellforged Servitor     Conj/Summ      Unusable   N/A       N/A         7

Dungeon Overview and Level Annotations

Branches:
Dungeon (12/15)            Temple (1/1) D:7            Lair (3/5) D:9
    Orc (0/2) D:10        Ossuary (visited)
  Swamp: Lair:2-3    Shoals: Lair:2-3     Snake: Lair:2-3    Spider: Lair:2-3

Altars:
Ashenzari
Cheibriados
Dithmenos
Elyvilon
Gozag
Hepliaklqana
Kikubaaqudgha
Makhleb
Nemelex Xobeh
Okawaru
Qazlal
Ru
Trog
Uskayaw
Wu Jian
Xom
Yredelemnul
Zin
The Shining One

Shops:
D:3 :   D:8 (([   D:10 =

Portals:
Trove: D:11 (give horn of Geryon)

Annotations:
D:7 3 runed translucent doors, Riddle's ghost, novice DjNe
D:9 3 runed translucent doors, klichko's ghost, journeyman SpHu; tensugalgo's ghost, novice AtBe
Lair:1 1 runed translucent door


Innate Abilities, Weirdness & Mutations

You have a pair of horns on your head.
You reflexively headbutt those who attack you in melee.
[Armour fits poorly on your strangely shaped body.]
[You are very dopey. (Int -4)]
[Your magical capacity is very low. (-20% MP)]
[You are very weak. (Str -4)]
[You are very vulnerable to cold. (rC--)]
[You sometimes lose the ability to drink potions when taking damage.]
[You sometimes lose the ability to read scrolls when taking damage.]


Message History

The wretched star glows turbulently.
The lance of force hits you.
* * * LOW HITPOINT WARNING * * *
You are knocked back by the lance of force.
You slam into the rock wall!
You hit the wretched star but do no damage.
You headbutt the wretched star.
The wretched star is heavily damaged.
You slash the wretched star!
You headbutt the wretched star, but do no damage.
The wretched star is severely damaged.
You barely miss the wretched star.
The wretched star is severely damaged.
The wretched star pulses with an eldritch light!
You occasionally lose the ability to drink potions when taking damage.
You lose the ability to drink potions when taking damage more often.
You closely miss the wretched star.
The wretched star is severely damaged.
You closely miss the wretched star.
The wretched star is heavily damaged.
The wretched star glows turbulently.
The lance of force hits you!!
You feel threatened and lose the ability to drink potions!
* * * LOW HITPOINT WARNING * * *
You are knocked back by the lance of force.
You slam into the rock wall!
* * * LOW HITPOINT WARNING * * *
You hit the wretched star but do no damage.
The wretched star is heavily damaged.
Unknown command.
You hit the wretched star but do no damage.
The wretched star is heavily damaged.
You can drink potions again.
Unknown command.
You hit the wretched star but do no damage.
The wretched star is heavily damaged.
The wretched star glows turbulently.
The lance of force hits you!!
You feel threatened and lose the ability to drink potions!
You die...

##.## .#
#... # . #
..### # . .#
# . .# # .
#..#... . ..
... #.. #
... . # .
#.. #..
##.....#
#....###
.*..#.
#..*###
..#..
#...@.# . .
. ..
#.#..#......
# . # .#
.#..# .#...
. # .
.###... .# .
#### ..#. .#
# #.#.. #
#.# . ...


You could see a wretched star.

Vanquished Creatures
  A two-headed ogre (D:10)
  Sonja (D:11)
  Nergalle (D:10)
  2 wizards (D:12)
  Pikel (D:8)
  A cyclops (D:11)
  A smoke demon (Abyss:2)
  2 cane toads (Lair:2)
  A black mamba (Lair:2)
  An unseen horror (D:10)
  Psyche (D:8)
  4 trolls
  Prince Ribbit (D:8)
  A hornet (Lair:1)
  A blink frog (Lair:2)
  A shadow (D:11)
  5 wyverns
  A small abomination (Abyss:2)
  24 yaks
  A steam dragon (D:9)
  4 vampire mosquitoes (D:10)
  A warg (D:10)
  8 water moccasins
  5 orc warriors
  3 ice beasts
  3 black bears
  3 centaurs
  14 wolves
  A phantom (D:5)
  11 bullfrogs
  12 scorpions
  3 wights (D:8)
  6 killer bees (D:9)
  4 howler monkeys
  A crimson imp (Abyss:2)
  2 centaur zombies (Ossuary)
  2 hounds
  4 jellies
  7 orc priests
  A human zombie (Ossuary)
  An iguana (D:5)
  2 scorpion zombies (Ossuary)
  10 orc wizards
  4 mummies
  7 adders
  10 gnolls
  3 white imps
  An ufetubus (D:5)
  A worm (D:4)
  A dart slug (D:2)
  30 orcs
  8 ball pythons
  2 bats
  7 endoplasms
  5 giant cockroaches
  2 gnoll zombies (Ossuary)
  7 goblins
  5 hobgoblins
  4 jackals (D:1)
  6 kobolds
  4 quokkas
  3 frilled lizards
  2 goblin zombies (Ossuary)
  3 hobgoblin zombies
  2 kobold zombies
  3 orc zombies (Ossuary)
  2 rats
282 creatures vanquished.

Vanquished Creatures (others)
  An angel (D:4)
  A wizard (D:6)
2 creatures vanquished.

Grand Total: 284 creatures vanquished

Notes
Turn   | Place    | Note
-------+----------+-------------------------------------------
     0 | D:1      | Peloso the Minotaur Fighter began the quest for the Orb.
     0 | D:1      | Reached XP level 1. HP: 19/19 MP: 0/0
    86 | D:1      | Reached XP level 2. HP: 27/27 MP: 1/1
   452 | D:1      | Reached XP level 3. HP: 33/33 MP: 2/2
   788 | D:2      | Reached skill level 3 in Long Blades
   848 | D:1      | Reached XP level 4. HP: 11/40 MP: 3/3
  1598 | D:3      | Found Orreewaq's Vocational Training.
  1953 | D:3      | Found a white marble altar of Elyvilon.
  1984 | D:3      | Found a snail-covered altar of Cheibriados.
  1990 | D:3      | Reached skill level 4 in Long Blades
  1990 | D:3      | Reached XP level 5. HP: 47/47 MP: 4/4
  2606 | D:4      | Found the amulet of Elemental Vulnerability {rPois rF--
                  | rC-- AC+8}
  2670 | D:4      | Found a sand-covered staircase.
  2675 | D:4      | Reached skill level 5 in Armour
  2677 | Ossuary  | Entered an ossuary
  2776 | Ossuary  | Reached skill level 5 in Long Blades
  2776 | Ossuary  | Reached skill level 1 in Dodging
  2776 | Ossuary  | Reached XP level 6. HP: 53/53 MP: 5/5
  2857 | Ossuary  | Reached skill level 6 in Long Blades
  2857 | Ossuary  | Reached XP level 7. HP: 23/60 MP: 6/6
  2861 | Ossuary  | Reached skill level 5 in Fighting
  3045 | Ossuary  | Reached skill level 5 in Shields
  3273 | D:4      | Reached skill level 7 in Long Blades
  3442 | D:4      | Found a glowing silver altar of Zin.
  3442 | D:4      | Noticed an angel
  3447 | D:4      | Found a shimmering altar of Xom.
  3551 | D:4      | Killed an angel
  3723 | D:5      | Entered Level 5 of the Dungeon
  3756 | D:5      | Reached XP level 8. HP: 69/69 MP: 7/7
  3971 | D:5      | Reached skill level 1 in Stealth
  4298 | D:5      | Reached skill level 8 in Long Blades
  4897 | D:6      | Identified the +2 short sword of Buzxuwko {flame, SInv}
  4987 | D:6      | Found a bloodstained altar of Trog.
  4988 | D:6      | Noticed a wizard
  4994 | D:6      | Killed a wizard
  5158 | D:7      | Found a staircase to the Ecumenical Temple.
  5173 | Temple   | Entered the Ecumenical Temple
  5228 | Temple   | Became a worshipper of Warmaster Okawaru
  5269 | D:7      | Got Ceomici's Cyclopedia of Green Terrain
  5596 | D:7      | Reached XP level 9. HP: 66/79 MP: 8/8
  5668 | D:7      | Found a runed translucent gate.
  5668 | D:7      | Found a runed translucent gate.
  5668 | D:7      | Found a runed translucent gate.
  5668 | D:7      | Found an opulent altar of Gozag.
  5669 | D:7      | Noticed a troll
  5669 | D:7      | Noticed Riddle's ghost (novice DjNe)
  6042 | D:8      | Noticed Prince Ribbit
  6054 | D:8      | Reached skill level 9 in Long Blades
  6073 | D:8      | Killed Prince Ribbit
  6193 | D:8      | Noticed Pikel
  6197 | D:8      | Killed Pikel
  6197 | D:8      | Reached * piety under Okawaru
  6227 | D:8      | Noticed a +0 demon trident
  6251 | D:8      | Found Ykoetzot's Weapon Emporium.
  6264 | D:8      | Reached skill level 10 in Long Blades
  6287 | D:8      | Noticed a +0 lajatang
  6417 | D:8      | Got the Incunabulum of Vicissitude and Impulse
  6617 | D:8      | Found Pelafak's Weapon Boutique.
  6691 | D:8      | Found Juojum's Armour Shop.
  6733 | D:8      | Noticed Psyche
  6806 | D:8      | Killed Psyche
  6806 | D:8      | Reached ** piety under Okawaru
  7220 | D:9      | Reached XP level 10. HP: 85/90 MP: 9/9
  7265 | D:9      | Reached skill level 11 in Long Blades
  7336 | D:9      | Found a runed translucent gate.
  7336 | D:9      | Found a runed translucent gate.
  7337 | D:9      | Found a runed translucent gate.
  7356 | D:9      | Noticed tensugalgo's ghost (novice AtBe)
  7356 | D:9      | Noticed klichko's ghost (journeyman SpHu)
  7819 | D:9      | Reached *** piety under Okawaru
  7827 | D:9      | Reached skill level 10 in Armour
  8127 | D:9      | Found a staircase to the Lair.
  8159 | D:9      | Found a hazy altar of Hepliaklqana.
  8599 | D:10     | Entered Level 10 of the Dungeon
  8617 | D:10     | Found a staircase to the Orcish Mines.
  8653 | D:10     | Found Eguwurow's Jewellery Shop.
  8959 | D:10     | Found a sacrificial altar of Ru.
  9201 | D:10     | Reached skill level 10 in Fighting
  9204 | D:10     | Found a glowing golden altar of the Shining One.
  9219 | D:10     | Reached **** piety under Okawaru
  9249 | D:10     | Noticed a two-headed ogre
  9299 | D:10     | Killed a two-headed ogre
  9299 | D:10     | Received a gift from Okawaru
  9300 | D:10     | Reached skill level 12 in Long Blades
  9300 | D:10     | Reached XP level 11. HP: 38/100 MP: 7/10
  9505 | D:10     | Noticed Nergalle
  9538 | D:10     | Killed Nergalle
 10482 | D:11     | Identified the +1 robe of the Beginning {rCorr}
 10572 | D:11     | Found a portal to a secret trove of treasure.
 10799 | D:11     | Noticed Sonja
 10802 | D:11     | Killed Sonja
 10834 | D:11     | Reached ***** piety under Okawaru
 11214 | D:12     | Reached skill level 13 in Long Blades
 11291 | Lair:1   | Entered Level 1 of the Lair of Beasts
 11764 | Lair:1   | Paralysed by a hornet for 3 turns
 11918 | Lair:1   | Found a runed translucent door.
 12182 | Lair:1   | Received a gift from Okawaru
 12189 | Lair:1   | Reached skill level 5 in Dodging
 12915 | Lair:2   | Reached XP level 12. HP: 103/110 MP: 11/11
 13093 | Lair:2   | Reached skill level 14 in Long Blades
 13541 | Lair:3   | Noticed a six-headed hydra
 13862 | Abyss:2  | Cast into level 2 of the Abyss (a wizard)
 14066 | Abyss:2  | HP: 1/111 [rock wall collision (6)]
 14069 | Abyss:2  | Killed from afar by a wretched star

Illustrated notes

Levels and vault maps discovered:
D:1:      erik_arrival_triangle_small, layout_loops_ring
D:2:      layout_basic
D:3:      layout_loops_corners, grunt_temple_overflow_open,
          nicolae_shop_vocational
D:4:      layout_cave_pools, grunt_temple_overflow_order_and_chaos_1,
          nicolae_ossuary_entry_giza
D:5:      layout_basic, grunt_decor_cap, fountainhead
D:6:      layout_loops_ring, trog_wizard, nicolae_benzene_ring
D:7:      layout_cave_pools, minmay_temple_entry_arrows, ebering_ghost_gozag
D:8:      layout_basic, serial_shops, kennysheep_mini,
          nicolae_shop_bloodbath_and_beyond, nicolae_shop_mannequins,
          uniq_pikel, uniq_psyche, uniq_prince_ribbit1
D:9:      layout_layer_cave, nicolae_hepliaklqana_hazy_memory,
          due_lair_maze_entry_diamond, gammafunk_ghost_cemetery,
          nicolae_elevator_lobby_plus
D:10:     layout_gridville, mainiacjoe_overflow_catch_the_wave,
          nicolae_overflow_hidden_temple, david_orc_3, serial_shops, shop,
          minmay_misc_feat_secret_circle, minmay_misc_feat_doors,
          minmay_fountain_box, uniq_nergalle
D:11:     layout_irregular_city, enter_trove_0, serial_park_tiny_pond,
          uniq_sonja
D:12:     minmay_wizard_corner, layout_irregular_city
Temple:   nicolae_temple_god_jail
Lair:1:   gammafunk_indiana_jones, layout_long_grid
Lair:2:   layout_loops_ring, nicolae_lair_grove_arrangements
Lair:3:   layout_hall_layers, nicolae_swamp_entry_spooky,
          hellmonk_spider_entry_life_and_decay, gammafunk_ghost_split
Abyss:2:  base:
D:4

Skill      XL: |  1  2  3  4  5  6  7  8  9 10 11 12 |
---------------+-------------------------------------+-----
Armour         | 4 5 6 7 9 11 12 | 12.6
Fighting       | 4 5 7 8 10 11 | 11.7
Shields        | 4 5 6 7 8 |  8.9
Long Blades    | 3 4 5 6 7 8 10 12 13 14 | 14.3
Dodging        | 1 2 4 5 |  5.9
Stealth        | 1 2 |  2.1
Invocations    | |  0.9
Evocations     | |  0.2

Action                     |  1- 3 |  4- 6 |  7- 9 | 10-12 || total
---------------------------+-------+-------+-------+-------++-------
  Melee: Long sword        |    75 |   118 |   196 |       ||   389
         Headbutt          |     9 |    24 |    51 |   177 ||   261
         Falchion          |       |       |    45 |   779 ||   824
 Invoke: Heroism           |       |       |       |     5 ||     5
  Evoke: Wand              |       |       |       |     3 ||     3
    Use: Potion            |     3 |       |       |       ||     3
         Scroll            |     1 |     6 |     7 |     6 ||    20
 Armour: Scale mail        |     9 |       |       |       ||     9
         Chain mail        |    46 |   108 |   142 |   335 ||   631
  Dodge: Dodged            |    31 |    51 |   144 |   276 ||   502
  Block: Buckler           |    11 |    34 |    75 |    82 ||   202
         Kite shield       |       |       |       |   160 ||   160
